[ PARTIDA AOE2 · #472620339 ]
Team RMGodos vs Britons
[ ANÁLISIS DE REPETICIÓN · EXTRAÍDO DE LA PARTIDA GRABADA ]
Feudal
12:45
Castillos
22:29
Imperial
36:45
| APM promedio | 15.7 |
| APM pico | 38 |
| eAPM promedio | 14.2 |
| Aldeanos / militares | 116 / 368 |
Foco
⚔️ 31.9% · 🌾 68.1%
Huskarl ×176 · Spearman ×145 · Mangonel ×25 · Trade Cart ×14 · Militia ×10 · Scorpion ×10
Feudal
14:15
Castillos
23:44
Imperial
36:10
| APM promedio | 28.6 |
| APM pico | 92 |
| eAPM promedio | 22.0 |
| Aldeanos / militares | 173 / 233 |
Foco
⚔️ 40.1% · 🌾 59.9%
Scout Cavalry ×103 · Mameluke ×93 · Hand Cannoneer ×25 · Petard ×5 · Trebuchet (Packed) ×5 · Mangonel ×1
Feudal
12:36
Castillos
16:11
Imperial
31:20
| APM promedio | 38.3 |
| APM pico | 109 |
| eAPM promedio | 21.1 |
| Aldeanos / militares | 139 / 348 |
Foco
⚔️ 41.1% · 🌾 58.9%
Militia ×112 · Scout Cavalry ×100 · Longbowman ×90 · Knight ×32 · Trebuchet (Packed) ×11 · Trade Cart ×7
Feudal
14:07
Castillos
22:07
Imperial
36:05
| APM promedio | 20.9 |
| APM pico | 50 |
| eAPM promedio | 18.4 |
| Aldeanos / militares | 234 / 438 |
Foco
⚔️ 28.8% · 🌾 71.2%
Spearman ×234 · Skirmisher ×90 · Hussite Wagon ×59 · Hand Cannoneer ×50 · Trade Cart ×15 · Bombard Cannon ×3
Mapa de la partida
Recursos iniciales + cada clic de construcción. Líneas = muros · curvas = relieve. ◆ oro · ⬟ piedra · ● bayas · ✦ reliquia · ◌ hueco del cierre
Inputs por minuto
— simirfan - - Sdts91
Build order — simirfan
Primeras 150 de 461 acciones detectadas
| 0:01 | Investigar | Loom |
| 0:02 | Crear | Villager (Male) ×4 |
| 0:05 | Construir | House |
| 0:07 | Construir | House |
| 0:42 | Construir | Palisade Wall |
| 2:31 | Construir | Lumber Camp |
| 2:34 | Crear | Villager (Male) ×2 |
| 2:34 | Crear | Villager (Male) ×2 |
| 3:13 | Crear | Villager (Male) ×2 |
| 4:06 | Crear | Villager (Male) |
| 4:44 | Construir | House |
| 4:50 | Construir | Mill |
| 4:59 | Crear | Villager (Male) |
| 4:59 | Crear | Villager (Male) |
| 5:00 | Crear | Villager (Male) |
| 5:43 | Crear | Villager (Male) |
| 5:44 | Crear | Villager (Male) |
| 5:45 | Crear | Villager (Male) |
| 5:56 | Construir | House |
| 7:15 | Crear | Villager (Male) |
| 7:15 | Crear | Villager (Male) |
| 7:15 | Crear | Villager (Male) |
| 7:29 | Construir | House |
| 8:00 | Crear | Villager (Male) |
| 8:41 | Construir | Barracks |
| 8:47 | Construir | Mining Camp |
| 8:54 | Crear | Villager (Male) |
| 9:02 | Crear | Villager (Male) |
| 9:31 | Crear | Villager (Male) |
| 9:32 | Crear | Villager (Male) |
| 9:57 | Construir | Mining Camp |
| 10:01 | Investigar | Feudal Age |
| 10:29 | Construir | Mill |
| 10:42 | Construir | House |
| 10:44 | Construir | House |
| 11:15 | Construir | Mill |
| 11:25 | Crear | Villager (Male) |
| 11:26 | Crear | Villager (Male) |
| 11:35 | Crear | Militia ×5 |
| 12:45 | Edad | Edad Feudal |
| 12:46 | Investigar | Double-Bit Axe |
| 12:51 | Construir | Blacksmith |
| 13:01 | Investigar | Gold Mining |
| 13:15 | Construir | Farm |
| 13:31 | Crear | Villager (Male) |
| 13:54 | Construir | Watch Tower |
| 14:06 | Crear | Villager (Male) |
| 14:10 | Investigar | Horse Collar |
| 14:19 | Construir | Market |
| 14:41 | Investigar | Man-at-Arms (upgrade) |
| 14:48 | Investigar | Scale Mail Armor |
| 15:08 | Investigar | Forging |
| 15:24 | Construir | House |
| 15:26 | Construir | House |
| 15:28 | Construir | House |
| 15:44 | Crear | Villager (Male) |
| 15:45 | Crear | Villager (Male) |
| 16:57 | Crear | Villager (Male) |
| 16:58 | Crear | Villager (Male) |
| 16:58 | Crear | Villager (Male) |
| 16:59 | Crear | Villager (Male) |
| 17:03 | Construir | Farm |
| 17:03 | Construir | Farm |
| 17:03 | Construir | Farm |
| 17:04 | Construir | Farm |
| 17:04 | Construir | Farm |
| 17:04 | Construir | Farm |
| 17:18 | Crear | Trade Cart ×3 |
| 18:07 | Construir | Farm |
| 18:07 | Construir | Farm |
| 18:08 | Construir | Farm |
| 18:08 | Construir | Farm |
| 18:08 | Construir | Farm |
| 18:08 | Construir | Farm |
| 18:09 | Construir | Farm |
| 18:13 | Crear | Villager (Male) |
| 18:37 | Construir | House |
| 18:38 | Construir | House |
| 19:12 | Construir | Farm |
| 19:12 | Construir | Farm |
| 19:13 | Construir | Farm |
| 19:13 | Construir | Farm |
| 19:13 | Construir | Farm |
| 19:13 | Construir | Farm |
| 19:14 | Construir | Farm |
| 19:14 | Construir | Farm |
| 19:14 | Construir | Farm |
| 19:15 | Construir | Farm |
| 19:15 | Construir | Farm |
| 19:15 | Construir | Farm |
| 19:15 | Construir | Farm |
| 19:16 | Construir | Farm |
| 19:16 | Construir | Farm |
| 19:16 | Construir | Farm |
| 19:16 | Construir | Farm |
| 19:17 | Construir | Farm |
| 19:17 | Construir | Farm |
| 19:17 | Construir | Farm |
| 19:17 | Construir | Farm |
| 19:18 | Construir | Farm |
| 19:18 | Construir | Farm |
| 19:18 | Construir | Farm |
| 19:19 | Construir | Farm |
| 19:19 | Construir | Farm |
| 19:19 | Construir | Farm |
| 19:19 | Construir | Farm |
| 19:20 | Construir | Farm |
| 19:42 | Crear | Trade Cart |
| 19:49 | Investigar | Castle Age |
| 20:13 | Crear | Villager (Male) |
| 20:13 | Crear | Villager (Male) |
| 20:21 | Construir | Farm |
| 20:22 | Construir | Farm |
| 20:22 | Construir | Farm |
| 20:22 | Construir | Farm |
| 20:22 | Construir | Farm |
| 20:23 | Construir | Farm |
| 20:23 | Construir | Farm |
| 21:02 | Construir | Barracks |
| 21:12 | Crear | Villager (Male) |
| 21:21 | Construir | House |
| 21:22 | Construir | House |
| 21:28 | Investigar | Stone Mining |
| 21:41 | Crear | Villager (Male) |
| 21:52 | Crear | Trade Cart |
| 22:29 | Edad | Edad de los Castillos |
| 22:52 | Construir | Town Center |
| 22:55 | Crear | Villager (Male) |
| 23:03 | Investigar | Long Swordsman (upgrade) |
| 23:14 | Investigar | Chain Mail Armor |
| 23:15 | Investigar | Iron Casting |
| 23:31 | Crear | Villager (Male) |
| 23:42 | Crear | Villager (Male) |
| 23:59 | Investigar | Heavy Plow |
| 24:04 | Investigar | Bow Saw |
| 24:23 | Crear | Villager (Male) ×5 |
| 25:10 | Construir | Town Center |
| 25:13 | Investigar | Caravan |
| 25:21 | Crear | Villager (Male) |
| 25:32 | Construir | Farm |
| 25:42 | Crear | Villager (Male) |
| 25:42 | Crear | Villager (Male) |
| 25:42 | Crear | Villager (Male) |
| 25:43 | Crear | Villager (Male) |
| 25:43 | Crear | Villager (Male) |
| 25:52 | Crear | Villager (Male) |
| 26:20 | Construir | Siege Workshop |
| 26:34 | Crear | Villager (Male) |
| 26:37 | Crear | Villager (Male) |
| 27:00 | Crear | Villager (Male) ×5 |
Build order — Sdts91
Primeras 150 de 628 acciones detectadas
| 0:02 | Construir | House |
| 0:13 | Investigar | Loom |
| 0:14 | Crear | Villager (Male) |
| 0:14 | Crear | Villager (Male) |
| 0:14 | Crear | Villager (Male) |
| 0:15 | Crear | Villager (Male) |
| 0:15 | Crear | Villager (Male) |
| 0:17 | Construir | House |
| 0:18 | Construir | House |
| 0:19 | Construir | House |
| 1:17 | Construir | Palisade Wall |
| 1:25 | Construir | Palisade Wall |
| 1:26 | Construir | Palisade Wall |
| 2:58 | Crear | Villager (Male) |
| 2:59 | Crear | Villager (Male) |
| 3:06 | Construir | Palisade Wall |
| 3:34 | Crear | Villager (Male) |
| 3:34 | Crear | Villager (Male) |
| 3:41 | Construir | Palisade Wall |
| 4:14 | Construir | Palisade Wall |
| 4:18 | Crear | Villager (Male) |
| 4:44 | Crear | Villager (Male) |
| 4:44 | Crear | Villager (Male) |
| 5:31 | Crear | Villager (Male) |
| 5:31 | Crear | Villager (Male) |
| 5:34 | Crear | Villager (Male) |
| 6:20 | Crear | Villager (Male) |
| 6:21 | Crear | Villager (Male) |
| 6:39 | Crear | Villager (Male) |
| 6:39 | Crear | Villager (Male) |
| 7:02 | Crear | Villager (Male) |
| 7:03 | Crear | Villager (Male) |
| 7:27 | Construir | Lumber Camp |
| 7:34 | Crear | Villager (Male) |
| 8:00 | Crear | Villager (Male) |
| 8:15 | Crear | Villager (Male) |
| 8:58 | Crear | Villager (Male) |
| 8:58 | Crear | Villager (Male) |
| 8:59 | Crear | Villager (Male) |
| 8:59 | Crear | Villager (Male) |
| 9:47 | Crear | Villager (Male) |
| 9:48 | Crear | Villager (Male) |
| 9:48 | Crear | Villager (Male) |
| 9:49 | Crear | Villager (Male) |
| 10:24 | Construir | Palisade Wall |
| 10:32 | Construir | Mill |
| 10:54 | Construir | Mill |
| 11:32 | Construir | Palisade Wall |
| 12:05 | Investigar | Feudal Age |
| 12:34 | Construir | Mining Camp |
| 13:12 | Construir | Palisade Wall |
| 14:12 | Construir | Palisade Wall |
| 14:15 | Edad | Edad Feudal |
| 14:25 | Construir | Stone Wall |
| 14:28 | Investigar | Wheelbarrow |
| 14:30 | Investigar | Horse Collar |
| 14:42 | Construir | Stone Wall |
| 14:48 | Construir | Stone Wall |
| 15:02 | Construir | Farm |
| 15:03 | Construir | Farm |
| 15:06 | Construir | Farm |
| 15:07 | Construir | Farm |
| 15:09 | Crear | Villager (Male) |
| 15:10 | Crear | Villager (Male) |
| 15:10 | Crear | Villager (Male) |
| 15:13 | Construir | House |
| 15:27 | Investigar | Double-Bit Axe |
| 15:33 | Construir | Farm |
| 15:34 | Construir | Farm |
| 15:59 | Construir | Farm |
| 16:06 | Construir | Stone Wall |
| 16:13 | Construir | Stone Wall |
| 16:19 | Construir | Farm |
| 16:28 | Construir | Stone Wall |
| 16:48 | Crear | Villager (Male) |
| 16:49 | Crear | Villager (Male) |
| 16:49 | Crear | Villager (Male) |
| 16:50 | Crear | Villager (Male) |
| 16:52 | Construir | House |
| 16:56 | Construir | House |
| 17:03 | Construir | Farm |
| 17:05 | Construir | Farm |
| 17:08 | Construir | Farm |
| 17:14 | Crear | Villager (Male) |
| 17:14 | Crear | Villager (Male) |
| 17:38 | Construir | Farm |
| 18:05 | Construir | Outpost |
| 18:15 | Construir | Outpost |
| 18:23 | Construir | Farm |
| 18:24 | Construir | Farm |
| 18:27 | Crear | Villager (Male) |
| 18:28 | Crear | Villager (Male) |
| 18:32 | Construir | Market |
| 18:42 | Construir | House |
| 18:45 | Construir | House |
| 18:53 | Investigar | Town Watch |
| 18:54 | Crear | Villager (Male) |
| 18:54 | Crear | Villager (Male) |
| 18:55 | Crear | Villager (Male) |
| 19:28 | Construir | Stone Wall |
| 19:36 | Construir | Blacksmith |
| 19:43 | Construir | Farm |
| 19:44 | Construir | Farm |
| 20:30 | Construir | Farm |
| 20:48 | Construir | Stone Wall |
| 21:04 | Investigar | Castle Age |
| 21:26 | Construir | Farm |
| 21:27 | Construir | Farm |
| 21:29 | Investigar | Stone Mining |
| 22:19 | Construir | Stone Wall |
| 22:33 | Construir | House |
| 22:35 | Construir | House |
| 22:35 | Construir | House |
| 22:37 | Construir | House |
| 23:12 | Construir | Outpost |
| 23:42 | Crear | Villager (Male) |
| 23:43 | Crear | Villager (Male) |
| 23:43 | Crear | Villager (Male) |
| 23:44 | Edad | Edad de los Castillos |
| 23:44 | Crear | Villager (Male) |
| 23:47 | Construir | Town Center |
| 23:54 | Construir | Town Center |
| 24:01 | Crear | Villager (Male) |
| 24:22 | Investigar | Bow Saw |
| 24:24 | Crear | Villager (Male) |
| 24:25 | Crear | Villager (Male) |
| 24:54 | Crear | Villager (Male) |
| 24:54 | Crear | Villager (Male) |
| 24:54 | Crear | Villager (Male) |
| 24:54 | Crear | Villager (Male) |
| 24:56 | Crear | Villager (Male) |
| 24:57 | Crear | Villager (Male) |
| 24:57 | Crear | Villager (Male) |
| 24:57 | Crear | Villager (Male) |
| 25:16 | Construir | Farm |
| 25:19 | Crear | Villager (Male) |
| 25:20 | Crear | Villager (Male) |
| 25:21 | Crear | Villager (Male) |
| 25:29 | Investigar | Heavy Plow |
| 26:05 | Crear | Villager (Male) |
| 26:06 | Crear | Villager (Male) |
| 26:07 | Crear | Villager (Male) |
| 26:14 | Construir | Town Center |
| 26:18 | Crear | Villager (Male) |
| 26:19 | Crear | Villager (Male) |
| 26:33 | Construir | Siege Workshop |
| 26:38 | Crear | Villager (Male) |
| 26:39 | Crear | Villager (Male) |
| 26:41 | Crear | Villager (Male) |
| 26:54 | Construir | Farm |
Build order — Bob Tschigerillo
Primeras 150 de 514 acciones detectadas
| 0:01 | Crear | Villager (Male) |
| 0:02 | Construir | House |
| 0:03 | Construir | House |
| 0:07 | Crear | Villager (Male) |
| 0:08 | Crear | Villager (Male) |
| 0:08 | Crear | Villager (Male) |
| 1:25 | Construir | Palisade Wall |
| 1:30 | Crear | Villager (Male) |
| 2:01 | Crear | Villager (Male) |
| 2:04 | Crear | Villager (Male) |
| 2:23 | Construir | Lumber Camp |
| 2:40 | Crear | Villager (Male) |
| 2:40 | Crear | Villager (Male) |
| 2:49 | Crear | Villager (Male) |
| 3:15 | Crear | Villager (Male) |
| 3:37 | Construir | House |
| 3:38 | Construir | House |
| 3:43 | Crear | Villager (Male) |
| 4:06 | Crear | Villager (Male) |
| 4:13 | Construir | House |
| 5:00 | Crear | Villager (Male) |
| 5:00 | Crear | Villager (Male) |
| 5:00 | Crear | Villager (Male) |
| 5:00 | Crear | Villager (Male) |
| 5:27 | Crear | Villager (Male) |
| 5:57 | Construir | Mill |
| 5:58 | Crear | Villager (Male) |
| 6:36 | Crear | Villager (Male) |
| 6:44 | Crear | Villager (Male) |
| 7:08 | Investigar | Loom |
| 7:17 | Construir | Mill |
| 7:25 | Crear | Villager (Male) |
| 7:36 | Crear | Villager (Male) |
| 8:15 | Crear | Villager (Male) |
| 8:26 | Crear | Villager (Male) |
| 8:57 | Crear | Villager (Male) |
| 8:57 | Crear | Villager (Male) |
| 9:07 | Crear | Villager (Male) |
| 9:35 | Crear | Villager (Male) |
| 10:08 | Crear | Villager (Male) |
| 10:21 | Investigar | Feudal Age |
| 10:44 | Crear | Villager (Male) |
| 10:44 | Crear | Villager (Male) |
| 10:53 | Construir | House |
| 10:54 | Construir | House |
| 11:18 | Construir | Mining Camp |
| 11:36 | Construir | Lumber Camp |
| 12:36 | Edad | Edad Feudal |
| 12:41 | Construir | Market |
| 12:44 | Construir | Blacksmith |
| 13:31 | Investigar | Castle Age |
| 13:34 | Investigar | Horse Collar |
| 13:36 | Investigar | Double-Bit Axe |
| 13:38 | Investigar | Gold Mining |
| 13:39 | Investigar | Stone Mining |
| 13:58 | Construir | Stone Wall |
| 14:20 | Construir | House |
| 14:21 | Construir | House |
| 14:23 | Construir | House |
| 14:24 | Construir | House |
| 14:25 | Construir | House |
| 14:26 | Construir | House |
| 14:46 | Construir | Mining Camp |
| 15:25 | Crear | Villager (Male) |
| 15:25 | Crear | Villager (Male) |
| 15:47 | Construir | Farm |
| 15:47 | Construir | Farm |
| 15:48 | Construir | Farm |
| 15:49 | Construir | Farm |
| 16:11 | Edad | Edad de los Castillos |
| 16:15 | Construir | Town Center |
| 16:18 | Construir | Town Center |
| 16:27 | Construir | Town Center |
| 16:44 | Crear | Villager (Male) |
| 16:54 | Crear | Villager (Male) |
| 17:03 | Crear | Villager (Male) |
| 17:09 | Construir | Farm |
| 17:10 | Construir | Farm |
| 17:13 | Crear | Villager (Male) |
| 17:28 | Crear | Villager (Male) |
| 17:35 | Crear | Villager (Male) |
| 17:45 | Construir | Farm |
| 17:47 | Construir | Farm |
| 17:48 | Construir | Farm |
| 17:52 | Construir | Farm |
| 17:52 | Construir | Farm |
| 17:56 | Crear | Villager (Male) |
| 18:02 | Construir | Farm |
| 18:06 | Construir | Farm |
| 18:21 | Crear | Villager (Male) |
| 18:25 | Construir | Farm |
| 18:26 | Construir | Farm |
| 18:30 | Construir | Farm |
| 18:33 | Construir | Farm |
| 18:38 | Construir | Farm |
| 18:39 | Construir | Farm |
| 18:41 | Crear | Villager (Male) |
| 18:41 | Crear | Villager (Male) |
| 18:52 | Construir | Farm |
| 18:56 | Construir | Farm |
| 19:03 | Construir | Farm |
| 19:05 | Crear | Villager (Male) |
| 19:15 | Crear | Villager (Male) |
| 19:20 | Crear | Villager (Male) |
| 19:29 | Construir | Farm |
| 19:29 | Construir | Farm |
| 19:35 | Construir | Farm |
| 19:36 | Construir | Farm |
| 19:42 | Construir | Farm |
| 19:48 | Crear | Villager (Male) |
| 19:48 | Crear | Villager (Male) |
| 19:49 | Crear | Villager (Male) |
| 19:49 | Crear | Villager (Male) |
| 19:54 | Construir | Farm |
| 19:58 | Crear | Villager (Male) |
| 20:04 | Construir | Farm |
| 20:05 | Crear | Villager (Male) |
| 20:11 | Construir | Farm |
| 20:15 | Construir | Farm |
| 20:17 | Crear | Villager (Male) |
| 20:17 | Crear | Villager (Male) |
| 20:24 | Crear | Villager (Male) |
| 20:29 | Crear | Villager (Male) |
| 20:35 | Construir | Farm |
| 20:36 | Construir | Farm |
| 20:37 | Crear | Villager (Male) |
| 20:43 | Construir | Farm |
| 20:46 | Crear | Villager (Male) |
| 20:49 | Crear | Villager (Male) |
| 20:55 | Construir | House |
| 20:55 | Construir | House |
| 20:56 | Construir | House |
| 20:59 | Crear | Villager (Male) |
| 21:00 | Crear | Villager (Male) |
| 21:01 | Crear | Villager (Male) |
| 21:20 | Construir | Monastery |
| 21:25 | Investigar | Wheelbarrow |
| 21:28 | Crear | Villager (Male) |
| 21:28 | Crear | Villager (Male) |
| 21:33 | Crear | Villager (Male) |
| 21:43 | Crear | Villager (Male) |
| 21:43 | Crear | Villager (Male) |
| 21:54 | Crear | Villager (Male) |
| 21:54 | Crear | Villager (Male) |
| 22:00 | Crear | Monk |
| 22:05 | Investigar | Bow Saw |
| 22:11 | Crear | Villager (Male) |
| 22:17 | Construir | Farm |
| 22:18 | Construir | Farm |
| 22:21 | Construir | Farm |
Build order — M.S.
Primeras 150 de 618 acciones detectadas
| 0:01 | Crear | Villager (Male) ×4 |
| 0:01 | Crear | Villager (Male) |
| 0:01 | Crear | Villager (Male) |
| 0:01 | Crear | Villager (Male) |
| 0:01 | Crear | Villager (Male) |
| 0:01 | Crear | Villager (Male) |
| 0:01 | Crear | Villager (Male) |
| 0:01 | Crear | Villager (Male) |
| 0:01 | Crear | Villager (Male) |
| 0:01 | Crear | Villager (Male) |
| 0:01 | Crear | Villager (Male) |
| 0:01 | Crear | Villager (Male) |
| 0:01 | Crear | Villager (Male) |
| 0:01 | Crear | Villager (Male) |
| 0:01 | Crear | Villager (Male) |
| 0:01 | Crear | Villager (Male) |
| 0:01 | Crear | Villager (Male) |
| 0:01 | Crear | Villager (Male) |
| 0:01 | Crear | Villager (Male) |
| 0:01 | Crear | Villager (Male) |
| 0:01 | Crear | Villager (Male) |
| 0:01 | Crear | Villager (Male) |
| 0:01 | Crear | Villager (Male) |
| 0:01 | Crear | Villager (Male) |
| 0:01 | Crear | Villager (Male) |
| 0:04 | Construir | House |
| 0:26 | Investigar | Loom |
| 0:26 | Crear | Villager (Male) ×3 |
| 1:58 | Crear | Villager (Male) |
| 2:45 | Construir | Building 804 |
| 2:56 | Construir | Palisade Wall |
| 3:21 | Construir | Palisade Wall |
| 3:28 | Construir | Palisade Wall |
| 3:33 | Construir | Building 796 |
| 3:39 | Crear | Villager (Male) |
| 3:40 | Crear | Villager (Male) |
| 3:40 | Crear | Villager (Male) |
| 4:12 | Crear | Villager (Male) |
| 4:12 | Crear | Villager (Male) |
| 4:12 | Crear | Villager (Male) |
| 4:38 | Construir | House |
| 4:57 | Crear | Villager (Male) |
| 5:16 | Crear | Villager (Male) |
| 5:16 | Crear | Villager (Male) |
| 5:39 | Construir | House |
| 5:42 | Construir | House |
| 5:44 | Construir | House |
| 5:44 | Construir | House |
| 5:55 | Crear | Villager (Male) |
| 5:55 | Crear | Villager (Male) |
| 6:28 | Crear | Villager (Male) |
| 6:29 | Crear | Villager (Male) |
| 6:41 | Construir | House |
| 7:22 | Crear | Villager (Male) |
| 8:07 | Construir | Mill |
| 8:50 | Crear | Villager (Male) |
| 9:02 | Crear | Villager (Male) |
| 9:46 | Construir | Mill |
| 9:51 | Crear | Villager (Male) |
| 9:51 | Crear | Villager (Male) |
| 10:04 | Construir | Lumber Camp |
| 10:36 | Crear | Villager (Male) |
| 11:08 | Crear | Villager (Male) |
| 11:57 | Investigar | Feudal Age |
| 12:26 | Construir | Mining Camp |
| 12:39 | Construir | Mill |
| 13:35 | Construir | Mining Camp |
| 13:38 | Crear | Villager (Male) |
| 13:39 | Crear | Villager (Male) |
| 13:39 | Crear | Villager (Male) |
| 14:07 | Edad | Edad Feudal |
| 14:16 | Construir | Stone Wall |
| 14:26 | Construir | Building 490 |
| 14:31 | Construir | Stone Wall |
| 14:34 | Construir | Stone Wall |
| 14:38 | Construir | Stone Wall |
| 14:42 | Crear | Villager (Male) |
| 15:22 | Crear | Villager (Male) |
| 16:10 | Crear | Villager (Male) |
| 16:20 | Construir | House |
| 16:22 | Construir | House |
| 17:05 | Investigar | Double-Bit Axe |
| 17:11 | Crear | Villager (Male) |
| 17:42 | Construir | Market |
| 17:47 | Construir | Blacksmith |
| 17:50 | Crear | Villager (Male) |
| 17:50 | Crear | Villager (Male) |
| 18:28 | Crear | Villager (Male) |
| 19:05 | Construir | Farm |
| 19:05 | Construir | Farm |
| 19:06 | Construir | Farm |
| 19:06 | Construir | Farm |
| 19:06 | Construir | Farm |
| 19:06 | Construir | Farm |
| 19:27 | Investigar | Castle Age |
| 19:31 | Investigar | Horse Collar |
| 20:19 | Crear | Villager (Male) |
| 20:19 | Crear | Villager (Male) |
| 20:32 | Investigar | Wheelbarrow |
| 20:37 | Crear | Trade Cart |
| 20:45 | Construir | House |
| 20:46 | Construir | House |
| 20:47 | Construir | House |
| 20:48 | Construir | House |
| 21:14 | Crear | Trade Cart |
| 21:45 | Construir | Building 673 |
| 21:50 | Construir | Stone Wall |
| 21:52 | Construir | Stone Wall |
| 21:57 | Construir | Building 490 |
| 22:03 | Construir | Stone Wall |
| 22:06 | Construir | Stone Wall |
| 22:07 | Edad | Edad de los Castillos |
| 22:15 | Construir | Building 490 |
| 22:20 | Construir | Stone Wall |
| 22:22 | Construir | Stone Wall |
| 22:35 | Construir | Town Center |
| 22:43 | Investigar | Bow Saw |
| 22:46 | Investigar | Heavy Plow |
| 22:49 | Crear | Villager (Male) |
| 22:50 | Crear | Villager (Male) |
| 23:30 | Crear | Trade Cart |
| 23:37 | Construir | Farm |
| 23:37 | Construir | Farm |
| 23:38 | Construir | Farm |
| 23:38 | Construir | Farm |
| 23:44 | Crear | Villager (Male) |
| 23:46 | Crear | Villager (Male) |
| 23:46 | Crear | Villager (Male) |
| 24:15 | Crear | Villager (Male) ×2 |
| 24:15 | Crear | Villager (Male) |
| 24:15 | Crear | Villager (Male) |
| 24:15 | Crear | Villager (Male) |
| 24:15 | Crear | Villager (Male) |
| 24:15 | Crear | Villager (Male) |
| 24:15 | Crear | Villager (Male) |
| 24:15 | Crear | Villager (Male) |
| 24:15 | Crear | Villager (Male) |
| 24:15 | Crear | Villager (Male) |
| 24:15 | Crear | Villager (Male) |
| 24:15 | Crear | Villager (Male) |
| 24:15 | Crear | Villager (Male) |
| 24:15 | Crear | Villager (Male) |
| 24:15 | Crear | Villager (Male) |
| 24:15 | Crear | Villager (Male) |
| 24:15 | Crear | Villager (Male) |
| 24:15 | Crear | Villager (Male) |
| 24:15 | Crear | Villager (Male) |
| 24:15 | Crear | Villager (Male) |
| 24:15 | Crear | Villager (Male) |
| 24:15 | Crear | Villager (Male) |
Cronología de la partida
| 0:42 | simirfan · wall_segment Palisade Wall x12 |
| 1:17 | Sdts91 · wall_segment Palisade Wall x10 |
| 1:25 | Sdts91 · wall_segment Palisade Wall x2 |
| 1:25 | Bob Tschigerillo · wall_segment Palisade Wall x9 |
| 1:26 | Sdts91 · wall_segment Palisade Wall x13 |
| 2:56 | M.S. · wall_segment Palisade Wall x8 |
| 3:06 | Sdts91 · wall_segment Palisade Wall x8 |
| 3:21 | M.S. · wall_segment Palisade Wall x4 |
| 3:28 | M.S. · wall_segment Palisade Wall x9 |
| 3:41 | Sdts91 · wall_segment Palisade Wall x11 |
| 4:14 | Sdts91 · wall_segment Palisade Wall x12 |
| 8:41 | simirfan · first_building Barracks |
| 10:24 | Sdts91 · wall_segment Palisade Wall x12 |
| 11:32 | Sdts91 · wall_segment Palisade Wall x13 |
| 12:36 | Bob Tschigerillo · age_up feudal |
| 12:45 | simirfan · age_up feudal |
| 13:12 | Sdts91 · wall_segment Palisade Wall x13 |
| 13:58 | Bob Tschigerillo · wall_segment Stone Wall x9 |
| 14:07 | M.S. · age_up feudal |
| 14:12 | Sdts91 · wall_segment Palisade Wall x1 |
| 14:15 | Sdts91 · age_up feudal |
| 14:16 | M.S. · wall_segment Stone Wall x9 |
| 14:25 | Sdts91 · wall_segment Stone Wall x9 |
| 14:31 | M.S. · wall_segment Stone Wall x4 |
| 14:34 | M.S. · wall_segment Stone Wall x6 |
| 14:38 | M.S. · wall_segment Stone Wall x9 |
| 14:42 | Sdts91 · wall_segment Stone Wall x13 |
| 14:48 | Sdts91 · wall_segment Stone Wall x12 |
| 16:06 | Sdts91 · wall_segment Stone Wall x10 |
| 16:11 | Bob Tschigerillo · age_up castle |
| 16:13 | Sdts91 · wall_segment Stone Wall x13 |
| 16:28 | Sdts91 · wall_segment Stone Wall x12 |
| 19:21 | M.S. · first_market_buy 100 food |
| 19:22 | M.S. · first_market_sell 100 wood |
| 19:28 | Sdts91 · wall_segment Stone Wall x12 |
| 20:05 | Sdts91 · first_market_sell 100 wood |
| 20:48 | Sdts91 · wall_segment Stone Wall x10 |
| 21:20 | Bob Tschigerillo · first_building Monastery |
| 21:50 | M.S. · wall_segment Stone Wall x8 |
| 21:52 | M.S. · wall_segment Stone Wall x6 |
| 22:03 | M.S. · wall_segment Stone Wall x3 |
| 22:06 | M.S. · wall_segment Stone Wall x7 |
| 22:07 | M.S. · age_up castle |
| 22:19 | Sdts91 · wall_segment Stone Wall x13 |
| 22:20 | M.S. · wall_segment Stone Wall x4 |
| 22:22 | M.S. · wall_segment Stone Wall x7 |
| 22:29 | simirfan · age_up castle |
| 22:39 | simirfan · first_market_buy 100 stone |
| 23:44 | Sdts91 · age_up castle |
| 24:48 | M.S. · first_building Monastery |
| 26:20 | simirfan · first_building Siege Workshop |
| 26:33 | Sdts91 · first_building Siege Workshop |
| 26:42 | Bob Tschigerillo · first_building Barracks |
| 27:11 | Bob Tschigerillo · first_building Castle |
| 27:28 | Bob Tschigerillo · first_market_sell 100 wood |
| 28:28 | simirfan · first_building Castle |
| 28:29 | Bob Tschigerillo · first_building Siege Workshop |
| 29:16 | M.S. · first_building Castle |
| 29:41 | Sdts91 · first_building Castle |
| 31:20 | Bob Tschigerillo · age_up imperial |
| 32:07 | simirfan · first_building Monastery |
| 34:04 | M.S. · first_building Barracks |
| 35:07 | Sdts91 · first_building Barracks |
| 35:12 | M.S. · first_building Siege Workshop |
| 35:47 | Sdts91 · first_building Stable |
| 36:05 | M.S. · age_up imperial |
| 36:10 | Sdts91 · age_up imperial |
| 36:22 | M.S. · first_building Archery Range |
| 36:45 | simirfan · age_up imperial |
| 37:27 | Sdts91 · first_market_buy 500 stone |
| 44:45 | Bob Tschigerillo · first_building Stable |
| 51:24 | Sdts91 · first_building Archery Range |
| 55:33 | simirfan · resign |
[ ANÁLISIS IA · 1 CRÉDITO ]
¿Qué pasó realmente en esta partida?
Wolo.gg analiza cada decisión: build order, eco, micro, errores típicos por bracket. Análisis personalizado por WhatsApp o Discord en 30 segundos.
Guía civ
Godos
Guía mapa
Black Forest
Perfil
Jugador #2024950